 Dungeon Crawl Stone Soup version 0.17.1-3-g152610e (webtiles) character file.

380 oolesyk the Grave Robber (level 6, -8/55 HPs)
             Began as a Deep Dwarf Necromancer on Mar 25, 2016.
             Mangled by an ogre
             ... wielding a +0 giant club
              (20 damage)
             ... on level 5 of the Dungeon.
             The game lasted 00:48:31 (4079 turns).

oolesyk the Grave Robber (Deep Dwarf Necromancer)   Turns: 4079, Time: 00:48:31

Health: -8/55      AC:  4    Str: 12    XL:     6   Next: 46%
Magic:  10/10      EV: 12    Int: 17    God:
Gold:   321        SH:  0    Dex: 13    Spells: 3 memorised, 5 levels left

rFire  . . .     SeeInvis .     a - +0 flail (pain)
rCold  . . .     Clarity  .     g - +0 leather armour
rNeg   . . .     SustAt   .     (no shield)
rPois  .         Gourm    .     (no helmet)
rElec  .         Spirit   .     (no cloak)
rCorr  .         Warding  .     L - +0 pair of gloves
rMut   .         Stasis   .     (no boots)
MR     .....                    (no amulet)
Stlth  ++........               (no ring)
                                (no ring)

@: non-regenerating, not resistant to hostile enchantments, unstealthy
A: damage resistance, recharge devices, sense surroundings 1, slow regeneration
3
a: Device Recharging


You were on level 5 of the Dungeon.
You were not hungry.

You visited 1 branch of the dungeon, and saw 5 of its levels.
You also visited: Sewer.

You collected 321 gold pieces.

Inventory:

Hand Weapons
 a - a +0 flail of pain (weapon)
 b - a +0 blowgun of evasion
Missiles
 f - 103 stones (quivered)
 j - 28 bolts
 m - 19 sling bullets
 r - 4 tomahawks of dispersal
 M - 14 poisoned needles
Armour
 g - a +0 leather armour (worn)
 v - a +0 chain mail
 L - a +0 pair of gloves (worn)
Jewellery
 y - an uncursed amulet of faith {unknown}
Wands
 c - a wand of heal wounds (2)
 N - a wand of enslavement (7)
Scrolls
 n - 4 scrolls of remove curse
 p - 2 scrolls of teleportation {unknown}
 q - 2 scrolls of recharging {unknown}
 u - a scroll of fog {unknown}
 C - 2 scrolls of magic mapping {unknown}
 F - a scroll of identify {unknown}
 G - a scroll of amnesia {unknown}
 K - a scroll of enchant weapon {unknown}
Potions
 e - a potion of lignification {unknown}
 h - a potion of cancellation {unknown}
 i - 6 potions of heal wounds {unknown}
 k - 5 potions of flight {unknown}
 o - a potion of ambrosia {unknown}
 s - 4 potions of curing {unknown}
 x - a potion of haste {unknown}
 z - a potion of mutation {unknown}
 A - a potion of invisibility
 D - a potion of resistance {unknown}
 I - 4 potions of brilliance {unknown}
 J - 4 potions of might {unknown}
Books
 B - a book of Necromancy

   Spells                             Type                      Level
   a - Pain                           Necromancy                   1
   b - Animate Skeleton               Necromancy                   1
   c - Vampiric Draining              Necromancy                   3
   d - Regeneration                   Charms/Necromancy            3
   e - Animate Dead                   Necromancy                   4
   f - Control Undead                 Necromancy                   4
Comestibles
 d - 4 bread rations
 l - 3 beef jerkies
 t - a meat ration
 w - 3 fruits
 E - a royal jelly
 H - 2 chunks of flesh


   Skills:
 * Level 2.6 Fighting
   Level 0.1 Short Blades
 + Level 0.8 Maces & Flails
 + Level 1.0 Throwing
 * Level 2.1 Armour
 + Level 3.2 Dodging
 - Level 2.4 Stealth
 + Level 2.8 Spellcasting
 + Level 5.8 Necromancy


You had 5 spell levels left.
You knew the following spells:

 Your Spells              Type           Power        Failure   Level  Hunger
a - Pain                  Necr           ###.         1%          1    #......
b - Animate Skeleton      Necr           N/A          1%          1    #......
c - Vampiric Draining     Necr           ###.......   8%          3    ###....


Dungeon Overview and Level Annotations

Branches:
Dungeon (5/15)
 Temple: D:4-7

Altars:
Qazlal


Innate Abilities, Weirdness & Mutations

You are resistant to damage.
You can recharge devices by infusing magical energy.
You passively map a small area around you.
You do not regenerate naturally.


Message History

Press: ? - help, Shift-Dir - straight line, f/p - ogre
Aim: an ogre, wielding a giant club (chance to defeat MR: 46%)
The ogre resists with some effort.
Evoking this partially-identified wand wasted a few charges.
Evoke which item? (* to show all) (? for menu, Esc to quit)
Zapping:
N - a wand of enslavement {zapped: 5} (will waste charges)
Press: ? - help, Shift-Dir - straight line, f/p - ogre
Aim: an ogre, wielding a giant club (chance to defeat MR: 46%)
The ogre resists with some effort.
Evoking this partially-identified wand wasted a few charges.
The ogre hits you with a giant club!!
* * * LOW HITPOINT WARNING * * *
Evoke which item? (* to show all) (? for menu, Esc to quit)
Zapping:
c - a wand of heal wounds (3)
Press: ? - help, Shift-Dir - straight line, f - you, p - ogre You feel much better.
This wand has 2 charges left.
The ogre barely misses you. The ogre hits you with a giant club!
* * * LOW HITPOINT WARNING * * *
The ogre hits you with a giant club!!
You die...

* , * , , * *### *
, ..# * ,* * #.# ,
. * #.# ##### * *
*#..#### #.# #...
.......#####.####.#
** *
.......@O........<#
.##..........######
* #.##.####### , ,
, .. #. . * #.*
***#. , , .. * ##


You could see an ogre.

Vanquished Creatures
  A scorpion (D:3)
  An iguana (D:4)
  5 river rats (Sewer)
  6 adders
  4 gnolls (D:4)
  An ooze (D:3)
  4 giant geckos (D:4)
  7 giant cockroaches
  4 goblins
  7 hobgoblins
  8 jackals
  15 kobolds
  4 ball pythons
  7 bats
  4 giant newts
  A quokka (D:3)
  28 rats
107 creatures vanquished.

Vanquished Creatures (collateral kills)
  A giant frog zombie (D:4)
  An adder (D:4)
  A gnoll (D:1)
  3 river rats (Sewer)
  A giant gecko (D:4)
  7 kobolds
  4 ball pythons (Sewer)
  A bat (D:1)
  A giant newt (D:1)
  A goblin (D:1)
  9 rats
30 creatures vanquished.

Grand Total: 137 creatures vanquished

Notes
Turn   | Place    | Note
--------------------------------------------------------------
     0 | D:1      | oolesyk the Deep Dwarf Necromancer began the quest for the Orb.
     0 | D:1      | Reached XP level 1. HP: 15/15 MP: 3/3
    58 | D:1      | Learned a level 1 spell: Animate Skeleton
    75 | D:1      | Reached XP level 2. HP: 22/22 MP: 1/4
   221 | D:1      | Reached skill level 5 in Necromancy
   784 | D:1      | Reached XP level 3. HP: 16/28 MP: 3/5
   807 | D:1      | Learned a level 3 spell: Vampiric Draining
  1224 | D:2      | Reached skill level 1 in Fighting
  1235 | D:2      | Found a faded altar to an unknown god.
  1299 | D:2      | Found a stormy altar of Qazlal.
  1533 | D:3      | Reached XP level 4. HP: 30/38 MP: 2/6
  2025 | D:3      | Reached skill level 1 in Armour
  2025 | D:3      | Reached XP level 5. HP: 35/44 MP: 1/8
  2519 | D:4      | Noticed a phantom
  2884 | D:4      | Noticed an ogre
  3086 | D:4      | Found a glowing drain.
  3110 | Sewer    | Entered a sewer
  3240 | Sewer    | Reached skill level 1 in Throwing
  3271 | Sewer    | Reached XP level 6. HP: 21/52 MP: 6/9
  4063 | D:5      | Entered Level 5 of the Dungeon
  4067 | D:5      | HP: 2/55 [ogre/giant club (23)]
  4079 | D:5      | Mangled by an ogre

Action                   |  1- 3 |  4- 6 || total
-------------------------+-------+-------++-------
Melee: Short sword       |    78 |     5 ||    83
       Unarmed           |     5 |       ||     5
       Flail             |       |   106 ||   106
 Fire: Blowgun           |       |     1 ||     1
Throw: Stone             |    30 |    73 ||   103
 Cast: Animate Skeleton  |    18 |    24 ||    42
       Pain              |    13 |    15 ||    28
       Vampiric Draining |    11 |    34 ||    45
Evoke: Wand              |       |     6 ||     6
  Use: Scroll            |       |     1 ||     1
 Stab: Distracted        |       |     1 ||     1
  Eat: Chunk             |     4 |    13 ||    17
